 Dungeon Crawl Stone Soup version 0.28.0-43-g3370ac3207 (webtiles) character file.

Game seed: 16535210987733216694

53 Ablot the Grasshopper (level 3, -4/31 HPs)
             Began as a Gnoll Warper on Mar 6, 2022.
             Slain by a phantom (5 damage)
             ... on level 4 of the Dungeon.
             The game lasted 00:03:05 (1523 turns).

Ablot the Grasshopper (Gnoll Warper)                Turns: 1523, Time: 00:03:06

Health: -4/31      AC:  4    Str: 12    XL:     3   Next: 87%
Magic:  9/9        EV: 12    Int: 12    God:
Gold:   72         SH:  0    Dex: 11    Spells: 10/12 levels left

rFire   + + .      SeeInvis .   a - +0 spear
rCold   + + .      Faith    .   (no shield)
rNeg    . . .      Spirit   .   b - +0 leather armour
rPois   +          Reflect  .   (no helmet)
rElec   +          Harm     .   (no cloak)
rCorr   +          Rampage  .   m - +0 pair of gloves
Will    .....                   (no boots)
Stlth   +.........              (no amulet)
HPRegen 0.10/turn               g - ring of protection from fire
MPRegen 0.11/turn               j - ring of protection from cold

@: resistant
A: fangs 1, strong nose, distributed training
a: no special abilities


You were on level 4 of the Dungeon.
You visited 1 branch of the dungeon, and saw 3 of its levels.

You collected 72 gold pieces.

Inventory:

Hand Weapons
 a - a +0 spear (weapon)
Missiles
 d - 5 boomerangs of dispersal
 f - 63 stones
 k - 28 arrows
 o - 6 poisoned darts (quivered)
Armour
 b - a +0 leather armour (worn)
 m - a +0 pair of gloves (worn)
Jewellery
 g - a ring of protection from fire (left hand)
 j - a ring of protection from cold (right hand)
Scrolls
 c - 2 scrolls of blinking
 e - 4 scrolls of identify {unknown}
 l - a scroll of fog {unknown}
 n - a scroll of brand weapon {unknown}
Potions
 h - a potion of resistance
 i - a potion of curing {unknown}


   Skills:
 + Level 4.6 Fighting
 + Level 1.0 Short Blades
 + Level 1.0 Long Blades
 + Level 1.0 Axes
 + Level 1.0 Maces & Flails
 + Level 4.6 Polearms
 + Level 1.0 Staves
 + Level 1.0 Slings
 + Level 1.0 Bows
 + Level 1.0 Crossbows
 + Level 2.6 Throwing
 + Level 2.6 Armour
 + Level 4.6 Dodging
 + Level 1.0 Stealth
 + Level 1.0 Shields
 + Level 1.0 Unarmed Combat
 + Level 5.0 Spellcasting
 + Level 0.7 Conjurations
 + Level 0.7 Hexes
 + Level 0.7 Summonings
 + Level 0.7 Necromancy
 + Level 5.4 Translocations
 + Level 0.7 Transmutations
 + Level 0.7 Fire Magic
 + Level 0.7 Ice Magic
 + Level 0.7 Air Magic
 + Level 0.7 Earth Magic
 + Level 0.7 Poison Magic
 + Level 1.0 Invocations
 + Level 1.0 Evocations


You had 10 spell levels left.
You knew the following spells:

 Your Spells              Type           Power      Damage    Failure   Level
a - Blink                 Tloc           32%        N/A       4%          2

Your spell library contained the following spells:

 Spells                   Type           Power      Damage    Failure   Level
 Gell's Gravitas          Tloc           16%        N/A       9%          3
 Lesser Beckoning         Tloc           16%        N/A       9%          3
 Teleport Other           Tloc           16%        N/A       9%          3
 Manifold Assault         Tloc           16%        N/A       58%         5


Dungeon Overview and Level Annotations

Branches:
Dungeon (2/15)

Altars:

Shops:
D:2 =

Annotations:
D:2 Sigmund


Innate Abilities, Weirdness & Mutations

You have very sharp teeth.
Your uncanny sense of smell can sniff out nearby items.
Your experience applies equally to all skills.


Message History

The phantom hits you.
You hit the phantom.
The phantom is lightly damaged.
The hobgoblin barely misses you. The phantom hits you.
You are too injured to fight recklessly!
You are too injured to fight recklessly!
You are too injured to fight recklessly!
You are too injured to fight recklessly!
You hit the hobgoblin.
The hobgoblin is almost dead.
The hobgoblin closely misses you. The phantom barely misses you.
You hit the hobgoblin.
You kill the hobgoblin!
The phantom hits you.
The phantom blinks!
You blink.
You miss the phantom. Your bite misses the phantom.
The phantom is lightly damaged.
You hit the phantom but do no damage.
The phantom is lightly damaged.
The phantom barely misses you.
You barely miss the phantom.
The phantom is lightly damaged.
The phantom barely misses you.
You hit the phantom but do no damage.
The phantom is lightly damaged.
The phantom hits you!
* * * LOW HITPOINT WARNING * * *
Okay, then.
It was a potion of resistance.
You feel protected. The phantom hits you.
* * * LOW HITPOINT WARNING * * *
Unknown command.
You barely miss the phantom.
The phantom is lightly damaged.
The phantom barely misses you.
Unknown command.
You barely miss the phantom.
The phantom is lightly damaged.
The phantom hits you.
You die...

##.## ....∆ .
###... . .....∆
#.#.#.#.#
#.#.#.#.#
#.......#####.#
#.#....@......#.
......W.........
#
#.#.#.#.#######.
#. #.#.#.#.#
..#...##.#.....#
#.....##.#.#.###
#..........#.#
#......#.###.#
#......#.# #.##


You could see a phantom.

Vanquished Creatures
  An adder (D:2)
  A dart slug (D:1)
  2 bats (D:1)
  5 endoplasms
  A giant cockroach (D:1)
  3 goblins
  3 hobgoblins
  9 jackals (D:1)
  2 kobolds (D:1)
  A quokka (D:1)
  5 frilled lizards
  3 rats
36 creatures vanquished.

Notes
Turn   | Place    | Note
-------+----------+-------------------------------------------
     0 | D:1      | Ablot the Gnoll Warper began the quest for the Orb.
     0 | D:1      | Reached XP level 1. HP: 20/20 MP: 6/6
    51 | D:1      | Reached XP level 2. HP: 8/26 MP: 7/7
    58 | D:1      | Learned a level 2 spell: Blink
   460 | D:1      | Reached XP level 3. HP: 31/31 MP: 9/9
   472 | D:1      | Reached skill level 5 in Spellcasting
  1033 | D:2      | Reached skill level 1 in Invocations
  1293 | D:2      | Found Doix's Jewellery Boutique.
  1347 | D:2      | Reached skill level 1 in Short Blades
  1347 | D:2      | Reached skill level 1 in Long Blades
  1347 | D:2      | Reached skill level 1 in Axes
  1347 | D:2      | Reached skill level 1 in Maces & Flails
  1347 | D:2      | Reached skill level 1 in Staves
  1347 | D:2      | Reached skill level 1 in Slings
  1347 | D:2      | Reached skill level 1 in Bows
  1347 | D:2      | Reached skill level 1 in Crossbows
  1347 | D:2      | Reached skill level 1 in Stealth
  1347 | D:2      | Reached skill level 1 in Shields
  1347 | D:2      | Reached skill level 1 in Unarmed Combat
  1347 | D:2      | Reached skill level 1 in Evocations
  1368 | D:2      | Noticed Sigmund
  1469 | D:2      | You fall into a shaft and drop 2 floors!
  1508 | D:4      | Noticed a phantom
  1521 | D:4      | HP: 1/31 [phantom (1)]
  1523 | D:4      | Slain by a phantom

Illustrated notes

Levels and vault maps discovered:
D:1:      co_arrival_square_in_a_square_in_a_square, layout_basic
D:2:      layout_basic, shapermc_ecumenical_altar_mp_ritualfount, serial_shops,
          nicolae_shop_stone, solitary_fountain, minmay_joined_circles,
          uniq_sigmund
D:4:      layout_basic, serial_shops, nicolae_take_the_stairs, uniq_eustachio

Skill      XL: |  1  2  3 |
---------------+----------+-----
Spellcasting   | 5 |  5.0
Invocations    | 1 |  1.0
Short Blades   | 1 |  1.0
Long Blades    | 1 |  1.0
Axes           | 1 |  1.0
Maces & Flails | 1 |  1.0
Staves         | 1 |  1.0
Slings         | 1 |  1.0
Bows           | 1 |  1.0
Crossbows      | 1 |  1.0
Stealth        | 1 |  1.0
Shields        | 1 |  1.0
Unarmed Combat | 1 |  1.0
Evocations     | 1 |  1.0
Fighting       | |  4.6
Polearms       | |  4.6
Throwing       | |  2.6
Armour         | |  2.6
Dodging        | |  4.6
Conjurations   | |  0.7
Hexes          | |  0.7
Summonings     | |  0.7
Necromancy     | |  0.7
Translocations | |  5.4
Transmutations | |  0.7
Fire Magic     | |  0.7
Ice Magic      | |  0.7
Air Magic      | |  0.7
Earth Magic    | |  0.7
Poison Magic   | |  0.7

Action                   || total
-------------------------++-------
Melee: Spear             ||   139
       Bite              ||    12
  Use: Potion            ||     1
 Stab: Sleeping          ||     1
Armor: Leather armour    ||    29
Dodge: Dodged            ||    79
